AoeStats
← betapang1997

Arabia

503128778Analyzed
1v1 RM · 11d ago on Aug 30, 2026· 35m 5s· 2 players
Game mode
Random Map
Map size
Tiny (2 player)
Population
200
Speed
Normal
Resources
Standard
Victory
Conquest
Starting age
Dark Age
Ending age
Imperial Age
RankedLock teamsTeams togetherTeam positionsShared explorationLock speedFull tech treeHidden civsTurbo modeCheats
Victory
Defeat
🇭🇰 Malians · Hong Kong SAR China
842
+17
🇹🇼 Vietnamese · Taiwan
854
-17
betapang1997
11:32 Feudal Age
19:28 Castle Age
19:09 Scale Mail Armor
23:09 Wheelbarrow
25:47 Loom
25:49 Town Watch
26:01 Double-Bit Axe
26:22 Gold Mining
28:57 Fletching
29:08 Padded Archer Armor
30:36 Hand Cart
30:09 Elite Skirmisher
32:05 Forging
32:12 Chain Mail Armor
jack122800
12:40 Feudal Age
16:41 Horse Collar
17:03 Double-Bit Axe
20:53 Fletching
21:04 Padded Archer Armor
21:47 Loom
24:32 Castle Age
25:33 Crossbowman
26:19 Thumb Ring
28:59 Bodkin Arrow
31:10 Leather Archer Armor
Connection lost

Rejoining the realm…

Still unreachable

The connection could not be restored.

Session expired

The server has moved on; the page needs a fresh start.